 Dungeon Crawl Stone Soup version 0.21.1-1-g345015f (webtiles) character file.

22 tidbits the Insei (level 2, 0/23 HPs)
             Began as a Gnoll Transmuter on Feb 7, 2018.
             Slain by Sigmund
             ... wielding a +0 scythe
              (11 damage)
             ... on level 2 of the Dungeon.
             The game lasted 00:01:22 (119 turns).

tidbits the Insei (Gnoll Transmuter)                 Turns: 119, Time: 00:01:23

Health: 0/23       AC:  2    Str: 12    XL:     2   Next: 91%
Magic:  5/7        EV: 14    Int: 15    God:
Gold:   0          SH:  0    Dex: 15    Spells: 7/10 levels left

rFire    . . .     SeeInvis .     - Unarmed
rCold    . . .     Gourm    .   (no shield)
rNeg     . . .     Faith    .   b - +0 robe
rPois    .         Spirit   .   (no helmet)
rElec    .         Reflect  .   (no cloak)
rCorr    .         Harm     .   (no gloves)
MR       .....                  (no boots)
Stlth    ++........             (no amulet)
HPRegen  0.07/turn              (no ring)
MPRegen  0.10/turn              (no ring)

@: lethally poisoned (0 -> -4)
A: distributed training, fangs 1, strong nose
a: no special abilities


You were on level 2 of the Dungeon.
You were not hungry.

You visited 1 branch of the dungeon, and saw 2 of its levels.

Inventory:

Missiles
 a - 26 arrows
Armour
 b - a +0 robe (worn)
Books
 c - a book of Changes

   Spells                             Type                      Level
   a - Beastly Appendage              Transmutation                1
   b - Sticks to Snakes               Transmutation                2
   c - Spider Form                    Transmutation/Poison         3
   d - Ice Form                       Ice/Transmutation            4
   e - Blade Hands                    Transmutation                5
Comestibles
 d - a ration


   Skills:
 + Level 2.5 Fighting
 + Level 0.5 Short Blades
 + Level 0.5 Long Blades
 + Level 0.5 Axes
 + Level 0.5 Maces & Flails
 + Level 0.5 Polearms
 + Level 0.5 Staves
 + Level 0.5 Slings
 + Level 0.5 Bows
 + Level 0.5 Crossbows
 + Level 0.5 Throwing
 + Level 0.5 Armour
 + Level 4.5 Dodging
 + Level 0.5 Stealth
 + Level 0.5 Shields
 + Level 6.5 Unarmed Combat
 + Level 4.9 Spellcasting
 + Level 0.4 Conjurations
 + Level 0.4 Hexes
 + Level 0.4 Charms
 + Level 0.4 Summonings
 + Level 0.4 Necromancy
 + Level 0.4 Translocations
 + Level 3.7 Transmutations
 + Level 0.4 Fire Magic
 + Level 0.4 Ice Magic
 + Level 0.4 Air Magic
 + Level 0.4 Earth Magic
 + Level 0.4 Poison Magic
 + Level 0.7 Invocations
 + Level 0.5 Evocations


You had 7 spell levels left.
You knew the following spells:

 Your Spells              Type           Power        Failure   Level  Hunger
e - Beastly Appendage     Tmut           ##....       3%          1    None
k - Sticks to Snakes      Tmut           ##......     5%          2    ##.....


Dungeon Overview and Level Annotations

Branches:
Dungeon (2/15)

Altars:
Ashenzari
Trog

Annotations:
D:2 Sigmund


Innate Abilities, Weirdness & Mutations

Your experience applies equally to all skills.
You have very sharp teeth.
Your uncanny sense of smell can sniff out nearby items.


Message History

Nothing appears to happen.
The kobold misses you.
Casting: Beastly Appendage
Confirm with . or Enter, or press ? or * to list all spells.
Your feet morph into talons.
The kobold hits you but does no damage.
You barely miss the kobold. You punch the kobold!
You kill the kobold!
Things that are here:
an enchanted short sword; a stone Your transformation is almost over.
Your talons disappear.
Your magical contamination has completely faded away.
Unknown command.
You open the door.
There is an open door here.
There is a stone staircase leading down here.
You climb downwards.
There is a stone staircase leading up here.
Unknown command.
An adder comes into view.
The adder hisses angrily.
The adder misses you. The adder closely misses you.
Casting: Beastly Appendage
Confirm with . or Enter, or press ? or * to list all spells.
You grow a pair of large bovine horns.
The adder misses you.
You closely miss the adder. The adder closely misses you.
You barely miss the adder. Your headbutt misses the adder.
The adder bites you but does no damage.
You hit the adder.
The adder is heavily wounded.
The adder misses you. The adder completely misses you.
You closely miss the adder. You punch the adder.
The adder is almost dead.
The adder misses you.
You miss the adder. Your headbutt misses the adder.
The adder is almost dead.
The adder bites you.
You hit the adder.
You kill the adder!
You have reached level 2!
Memorise Sticks to Snakes, consuming 2 spell levels and leaving 7?
Your transformation is almost over.
You start memorising the spell.
You continue memorising. x2
You finish memorising.
Spell assigned to 'k'.
You see here an adder corpse.
A goblin comes into view.
Your horns disappear.
An adder and a goblin come into view.
A bat comes into view.
The goblin shouts!
You hear a shout!
The goblin barely misses you.
The goblin shouts!
Found 21 stones and a dagger.
Found a bloodstained altar of Trog.
Sigmund the Dreaded comes into view.
He is wielding a scythe.
The adder hisses angrily.
The bat completely misses you. The goblin barely misses you.
The bat closely misses you.
The goblin wields a hunting sling.
The goblin shoots a stone.
The stone closely misses you. The bat barely misses you.
Casting: Beastly Appendage
Confirm with . or Enter, or press ? or * to list all spells.
You create a snake!
You now have 26 arrows.
The bat closely misses you.
You punch the goblin!
You kill the goblin!
The bat closely misses you. The adder barely misses you.
You barely miss the bat. The bat completely misses you. The adder bites you.
You are poisoned.
The adder poisons you!
Unknown command.
You punch the adder!
The adder is almost dead.
You feel sick.
Your ball python bites the bat but does no damage.
Your ball python closely misses the bat.
The adder misses you.
A bat comes into view.
You barely miss the adder. Your bite misses the adder.
The adder is almost dead.
The bat hits you. The adder closely misses you.
Unknown command.
You hit the adder.
You kill the adder!
The bat hits you but does no damage.
Your ball python bites the bat.
Your ball python misses the bat.
You closely miss the bat.
You feel sick. The bat hits your ball python. The bat hits you.
* * * LOW HITPOINT WARNING * * *
The bat hits you but does no damage.
Your ball python closely misses the bat.
Your ball python barely misses the bat.
You barely miss the bat. The bat misses you.
Your ball python bites the bat.
Your ball python closely misses the bat.
You hit Sigmund but do no damage.
The bat completely misses your ball python.
The bat hits your ball python. The bat misses your ball python.
Your ball python barely misses the bat.
Your ball python grabs the bat.
Your ball python constricts the bat.
The bat struggles to escape constriction.
Sigmund hits you with a scythe!
You die...

....._.....###
.............## .
....#.#.......#..
..............@..
.....#.......#..
.......g..S......
.....#...g.......
.....#.@########(
∆ #...bS@##
#(#b.#..##
#....##..## #....
##..## #..#..
##..# #.##..
##†### ... #.#.
#...# .#
#.#.######.#
#...####.#


You could see Sigmund, a goblin, 2 bats and a friendly ball python.

Vanquished Creatures
  2 adders (D:2)
  2 hobgoblins (D:1)
  A goblin (D:2)
  A kobold (D:1)
6 creatures vanquished.

Notes
Turn   | Place    | Note
-------+----------+-------------------------------------------
     0 | D:1      | tidbits the Gnoll Transmuter began the quest for the Orb.
     0 | D:1      | Reached XP level 1. HP: 17/17 MP: 6/6
    25 | D:2      | Found a shattered altar of Ashenzari.
    95 | D:2      | Reached XP level 2. HP: 18/23 MP: 5/7
    99 | D:2      | Learned a level 2 spell: Sticks to Snakes
   107 | D:2      | Found a bloodstained altar of Trog.
   108 | D:2      | Noticed Sigmund
   119 | D:2      | Slain by Sigmund

Action                   || total
-------------------------++-------
Melee: Unarmed           ||    21
       Punch             ||     2
 Cast: Beastly Appendage ||     3
       Sticks to Snakes  ||     1
 Stab: Sleeping          ||     1
Armor: Robe              ||     4
Dodge: Dodged            ||    24

Table legend:
 A = Turns spent in this place as a percentage of turns spent in the entire game.
 B = Non-inter-level travel turns spent in this place as a percentage of non-inter-level travel turns spent in the entire game.
 C = Inter-level travel turns spent in this place as a percentage of turns spent in this place.
 D = Turns resting spent in this place as a percentage of non-inter-level travel turns spent in this place.
 E = Turns spent auto-exploring this place as a percentage of non-inter-level travel turns spent in this place.
 F = Non-inter-level travel turns spent in this place divided by the number of levels of this place that you've seen.
                   A       B       C       D       E      F
               +-------+-------+-------+-------+-------+----------------------
         Total | 100.0 | 100.0 |   0.0 |   0.0 |   0.0 |  59.5
       Dungeon | 100.0 | 100.0 |   0.0 |   0.0 |   0.0 |  59.5
               +-------+-------+-------+-------+-------+----------------------

Table legend:
 A = Kills in this place as a percentage of kills in entire the game.
 B = Kills by you in this place as a percentage of kills by you in the entire game.
 C = Kills by friends in this place as a percentage of kills by friends in the entire game.
 D = Other kills in this place as a percentage of other kills in the entire game.
 E = Experience gained in this place as a percentage of experience gained in the entire game.
 F = Experience gained in this place divided by the number of levels of this place that you have seen.
                   A       B       C       D       E      F
               +-------+-------+-------+-------+-------+----------------------
         Total | 100.0 | 100.0 |   N/A |   N/A | 100.0 |  16.0
       Dungeon | 100.0 | 100.0 |   N/A |   N/A | 100.0 |  16.0
               +-------+-------+-------+-------+-------+----------------------

Vault maps used:
D:1:      minmay_arrival_diagonal_passages, hangedman_abyss_or_decor_lesser_grid
D:2:      lemuel_upstairs_altar, ashenzari_altar_1, tso_altar,
          chequers_ecumenical_altar_simple, bloody_trog, uniq_sigmund
